 Dungeon Crawl Stone Soup version 0.27-a0-988-g25969acef8 (webtiles) character file.

Game seed: 13174783516338210234

6 Lugonue the Skirmisher (level 1, 0/18 HPs)
             Began as a Demonspawn Berserker on Apr 15, 2021.
             Was a Follower of Trog.
             Slain by a kobold
             ... wielding a +0 short sword
              (6 damage)
             ... on level 1 of the Dungeon.
             The game lasted 00:00:16 (177 turns).

Lugonue the Skirmisher (Demonspawn Berserker)        Turns: 177, Time: 00:00:17

Health: 0/18       AC:  3    Str: 17    XL:     1   Next: 75%
Magic:  1/1        EV: 12    Int:  8    God:    Trog [*.....]
Gold:   0          SH:  0    Dex: 12    Spells: 0/0 levels left

rFire    . . .     SeeInvis .   a - +0 spear
rCold    . . .     Faith    .   (no shield)
rNeg     . . .     Spirit   .   b - +0 animal skin
rPois    .         Reflect  .   d - +0 helmet
rElec    .         Harm     .   (no cloak)
rCorr    .         Rampage  .   (no gloves)
Will     .....                  (no boots)
Stlth    +.........             (no amulet)
HPRegen  0.06/turn              (no ring)
MPRegen  0.07/turn              (no ring)

@: no status effects
A: no striking features
a: Renounce Religion, Berserk


You were on level 1 of the Dungeon.
You worshipped Trog.
Trog was aware of your devotion.
You visited 1 branch of the dungeon, and saw 1 of its levels.

Inventory:

Hand Weapons
 a - a +0 spear (weapon)
Armour
 b - a +0 animal skin (worn)
 d - a +0 helmet (worn)
Potions
 c - a potion of invisibility {unknown}


   Skills:
 + Level 3.1 Fighting
 + Level 2.8 Polearms
 + Level 1.8 Armour
 + Level 1.8 Dodging
 + Level 0.1 Stealth


You couldn't memorise any spells.
You didn't know any spells.
Your spell library was empty.

Dungeon Overview and Level Annotations

Branches:
Dungeon (1/15)

Altars:


Message History

There are monsters nearby!
There are monsters nearby!
You see here a +0 helmet.
d - a +0 helmet Unknown command.
You start putting on your armour.
You continue putting on your +0 helmet. x2
The hobgoblin misses you.
You continue putting on your +0 helmet.
The hobgoblin hits you but does no damage.
You continue putting on your +0 helmet.
The hobgoblin hits you.
You finish putting on your +0 helmet.
You barely miss the hobgoblin.
The hobgoblin hits you but does no damage.
The hobgoblin hits you.
You puncture the hobgoblin!
You kill the hobgoblin!
Trog accepts your kill. The hobgoblin misses you.
A kobold comes into view. It is wielding a +0 short sword.
The kobold shouts!
You hit the hobgoblin.
The hobgoblin is severely wounded.
The hobgoblin hits you.
You hit the hobgoblin.
You kill the hobgoblin!
Trog accepts your kill.
You hit the kobold but do no damage.
A rat comes into view.
The kobold hits you with a +0 short sword.
You closely miss the kobold. The kobold misses you.
You miss the kobold.
The kobold hits you with a +0 short sword.
You are too injured to fight recklessly!
You are too injured to fight recklessly!
You are too injured to fight recklessly!
You are too injured to fight recklessly!
You barely miss the kobold.
The kobold hits you with a +0 short sword.
You die...

.....>............#
..######..#######.#
#########..##.....## ##
#....##..#......#
†###.≈≈.###.#......##
.'.'.≈≈.'<#.#.......##
.'.'.§§§'.#......#...#####..
####.§§§###......K..r'......
#..§§# ##....@#...#...#.#
###### #.....#...# .....
#.....##..# #... #########.#
.. #.. . ##.# .. #.#


You could see a kobold and a rat.

Vanquished Creatures
  A goblin (D:1)
  2 hobgoblins (D:1)
  A bat (D:1)
  A frilled lizard (D:1)
  A kobold (D:1)
6 creatures vanquished.

Notes
Turn   | Place    | Note
-------+----------+-------------------------------------------
     0 | D:1      | Lugonue the Demonspawn Berserker began the quest for the
                  | Orb.
     0 | D:1      | Reached XP level 1. HP: 18/18 MP: 1/1
   177 | D:1      | Slain by a kobold

Illustrated notes

Levels and vault maps discovered:
D:1:      lightli_arrival_lavapool, layout_basic, serial_bayou_pond_d

Action                   || total
-------------------------++-------
Melee: Spear             ||    17
 Stab: Sleeping          ||     2
Armor: Animal skin       ||     5
Dodge: Dodged            ||     3

Table legend: (Time is in decaauts)
 A = Elapsed time spent in this place.
 B = Non-inter-level travel time spent in this place.
 C = Inter-level travel time spent in this place.
 D = Time resting spent in this place.
 E = Time spent auto-exploring this place.
 F = Levels seen in this place.
 G = Mean time per level.
                   A        B        C        D        E       F      G
               +--------+--------+--------+--------+--------+-----+--------+
         Total |    176 |    176 |      0 |      0 |    131 |   1 |  176.0 |
       Dungeon |    176 |    176 |      0 |      0 |    131 |   1 |  176.0 |
               +--------+--------+--------+--------+--------+-----+--------+

Top non-repeatable levels by time:
     D:1: 176 daAuts
